AoeStats
← Dark

Hideout

509604617Analyzed
1v1 RM · 3d ago on Sep 27, 2026· 51m 22s· 2 players
Game mode
Random Map
Map size
Tiny (2 player)
Population
200
Speed
Normal
Resources
Standard
Victory
Conquest
Starting age
Dark Age
Ending age
Imperial Age
RankedLock teamsTeams togetherTeam positionsShared explorationLock speedFull tech treeHidden civsTurbo modeCheats
Victory
Defeat
🇧🇬 Bulgarians · Bulgaria
875
+18
🇫🇮 Britons · Finland
917
-18
Dark
1:17 Loom
10:31 Feudal Age
14:24 Town Watch
18:24 Castle Age
18:36 Double-Bit Axe
18:34 Horse Collar
21:27 Fletching
24:32 Husbandry
24:42 Bloodlines
37:12 Wheelbarrow
39:36 Stirrups
43:16 Imperial Age
43:19 Scale Barding Armor
46:28 Hand Cart
Majeha
10:28 Loom
12:45 Feudal Age
14:11 Wheelbarrow
13:37 Double-Bit Axe
20:13 Castle Age
18:45 Fletching
20:03 Padded Archer Armor
20:57 Crossbowman
22:13 Leather Archer Armor
27:02 Pikeman
29:12 Bodkin Arrow
33:09 Ballistics
36:33 Man-at-Arms
36:59 Gambesons
38:02 Scale Mail Armor
38:37 Long Swordsman
41:55 Arson
42:28 Chain Mail Armor
44:31 Hand Cart
45:32 Bow Saw
51:50 Imperial Age
Connection lost

Rejoining the realm…

Still unreachable

The connection could not be restored.

Session expired

The server has moved on; the page needs a fresh start.